 Dungeon Crawl Stone Soup version 0.24-a0-584-g9d6b971ae4 (webtiles) character file.

Game seed: 425098475661018964, levelgen mode: deterministic

9 Mithandil the Skirmisher (level 2, 0/24 HPs)
             Began as a Demonspawn Abyssal Knight on Sept 5, 2019.
             Was an Initiate of Lugonu.
             Slain by a leopard gecko (3 damage)
             ... on level 3 of the Dungeon.
             The game lasted 00:01:52 (401 turns).

Mithandil the Skirmisher (Demonspawn Abyssal Knight) Turns: 401, Time: 00:01:53

Health: 0/24       AC:  6    Str: 12    XL:     2   Next: 6%
Magic:  3/3        EV: 10    Int: 13    God:    Lugonu [......]
Gold:   0          SH:  0    Dex: 12    Spells: 1/1 levels left

rFire    . . .     SeeInvis .   a - +1 spear
rCold    . . .     Gourm    .   (no shield)
rNeg     . . .     Faith    .   d - +1 ring mail (curse)
rPois    .         Spirit   .   (no helmet)
rElec    .         Reflect  .   (no cloak)
rCorr    .         Harm     .   (no gloves)
MR       .....                  (no boots)
Stlth    +.........             (no amulet)
HPRegen  0.08/turn              (no ring)
MPRegen  0.08/turn              (no ring)

@: no status effects
A: claws 1
a: Renounce Religion


You were on level 3 of the Dungeon.
You worshipped Lugonu.
Lugonu was noncommittal.
You were not hungry.

You visited 1 branch of the dungeon, and saw 3 of its levels.
You visited the Abyss 1 time.

Inventory:

Hand Weapons
 a - a +1 spear (weapon)
Armour
 d - a cursed +1 ring mail (worn)
Comestibles
 b - 2 chunks of flesh
 c - a ration


   Skills:
 + Level 3.1 Fighting
 + Level 1.9 Polearms
 + Level 1.9 Armour
 + Level 1.0 Dodging
 + Level 0.5 Stealth
 + Level 0.2 Unarmed Combat
 + Level 2.6 Invocations


You had one spell level left.
You didn't know any spells.
Your spell library was empty.

Dungeon Overview and Level Annotations

Branches:
Dungeon (3/15)

Altars:
Zin


Innate Abilities, Weirdness & Mutations

You have sharp fingernails.


Message History

You closely miss the leopard gecko.
The leopard gecko is heavily wounded.
The goblin hits you. The leopard gecko misses you.
You miss the leopard gecko.
The leopard gecko is heavily wounded.
The goblin hits you. The leopard gecko barely misses you.
You closely miss the leopard gecko.
The leopard gecko is heavily wounded.
The goblin barely misses you.
The leopard gecko bites you but does no damage.
You hit the leopard gecko.
The leopard gecko is severely wounded.
The goblin hits you. The leopard gecko bites you.
* * * LOW HITPOINT WARNING * * *
You barely miss the leopard gecko.
The leopard gecko is severely wounded.
The leopard gecko bites you.
* * * LOW HITPOINT WARNING * * *
The goblin closely misses you. The leopard gecko bites you.
You die...

.#############.
.......l.......
......g@.#
...............
##.......#...#.
#.......# ..#
#.......# .#
######### #


You could see a leopard gecko and a goblin.

Vanquished Creatures
  An adder (D:2)
  A bat (D:2)
2 creatures vanquished.

Notes
Turn   | Place    | Note
-------+----------+-------------------------------------------
     0 | Abyss:1  | Mithandil the Demonspawn Abyssal Knight began the quest for
                  | the Orb.
     0 | Abyss:1  | Reached XP level 1. HP: 18/18 MP: 2/2
    77 | Abyss:1  | Noticed a smoke demon
    94 | D:1      | Escaped the Abyss
   376 | D:2      | Reached skill level 1 in Dodging
   376 | D:2      | Gained mutation: You have sharp fingernails. [demonic
                  | ancestry]
   376 | D:2      | Reached XP level 2. HP: 20/24 MP: 3/3
   387 | D:2      | Found a glowing silver altar of Zin.
   401 | D:3      | Slain by a leopard gecko

Levels and vault maps discovered:
D:1:      nzn_arrival_water_spiral, layout_basic
D:2:      layout_rooms, old_standard_altar, hangedman_abyss_or_decor_stabs
D:3:      layout_rooms, chequers_temple_overflow_statue_of_worship,
          nemelex_spade_bored_becter

Skill      XL: |  1 |
---------------+----+-----
Dodging        | 1 |  1.0
Fighting       | |  3.1
Polearms       | |  1.9
Armour         | |  1.9
Stealth        | |  0.5
Unarmed Combat | |  0.2
Invocations    | |  2.6

Action                   || total
-------------------------++-------
Melee: Spear             ||    18
Invok: Depart the Abyss  ||     1
  Use: Scroll            ||     1
Armor: Ring mail         ||     8
Dodge: Dodged            ||    11

Table legend:
 A = Non-vault XP
 B = Vault XP
 C = Vault XP percentage of total XP
 D = Non-vault monster count
 E = Vault monster count
 F = Vault count percentage of total count
                 A         B        C        D         E       F
            +---------+---------+-------+---------+---------+-------
      Total |      14 |       0 |   0.0 |       2 |       0 |   0.0
            +---------+---------+-------+---------+---------+-------
        D:2 |      14 |       0 |   0.0 |       2 |       0 |   0.0
            +---------+---------+-------+---------+---------+-------
